 Dungeon Crawl Stone Soup version 0.30.1-4-g462c640d31 (webtiles) character file.

Game seed: 17188023807403404579

37 growler the Gusty (level 3, 0/19 HPs)
             Began as a Tengu Air Elementalist on Sept 6, 2023.
             Slain by a kobold
             ... wielding a +0 short sword
              (1 damage)
             ... on level 2 of the Dungeon.
             The game lasted 00:02:08 (1433 turns).

growler the Gusty (Tengu Air Elementalist)          Turns: 1433, Time: 00:02:08

Health: 0/19       AC:  2    Str:  8    XL:     3   Next: 41%
Magic:  6/7        EV: 12    Int: 17    God:
Gold:   89         SH:  0    Dex: 14    Spells: 1/7 levels left

rFire   . . .        d - +0 dagger
rCold   . . .        (no shield)
rNeg    . . .        a - +0 robe
rPois   .            (helmet restricted)
rElec   .            (no cloak)
rCorr   .            (no gloves)
SInv    .            (boots unavailable)
Will    .....        (no amulet)
Stlth   +            (no ring)
HPRegen 0.23/turn    (no ring)
MPRegen 0.10/turn

%: no passive effects
@: confused
A: beak, talons 3
a: no special abilities


You were on level 2 of the Dungeon.
You visited 1 branch of the dungeon, and saw 2 of its levels.

You collected 89 gold pieces.

Inventory:

Hand Weapons
 d - a +0 dagger (weapon)
Armour
 a - a +0 robe (worn)
Scrolls
 c - 2 scrolls of summoning {unknown}
 e - a scroll of fear {unknown}
 f - a scroll of magic mapping {unknown}
 h - a scroll of noise {unknown}
 i - a scroll of vulnerability {unknown}
 k - a scroll of enchant weapon {unknown}
Potions
 b - a potion of magic
 g - 2 potions of curing {unknown}
 j - a potion of flight {unknown}


   Skills:
 - Level 2.1 Dodging
 - Level 2.0 Stealth
 + Level 2.5 Spellcasting
 + Level 2.6 Conjurations
 + Level 4.7 Air Magic


You had one spell level left.
You knew the following spells:

 Your Spells              Type           Power      Damage    Failure   Level
a - Shock                 Conj/Air       56%        1d6       4%          1
b - Static Discharge      Conj/Air       28%        2-4/arc   6%          2
c - Swiftness             Air            18%        N/A       8%          3

Your spell library contained the following spells:

 Spells                   Type           Power      Damage    Failure   Level
 Cigotuvi's Dreadful Rot  Necr/Pois/Air  14%        N/A       14%         2
 Airstrike                Air            9%         2d(2-18)  26%         4
 Ignite Poison            Fire/Tmut/Pois 2%         N/A       50%         3
 Freezing Cloud           Conj/Ice/Air   5%         6-21      88%         5


Dungeon Overview and Level Annotations

Branches:
Dungeon (2/15)

Altars:

Annotations:
D:2 Sigmund


Innate Abilities, Weirdness & Mutations

You have a beak for a mouth.
You have claws for feet.


Message History

Sigmund the Dreaded comes into view.
He is wielding a +0 scythe and wearing a +2 robe of positive energy.
You miscast Shock.
You are very lightly contaminated with residual magic.
Nothing appears to happen.
Sigmund shouts!
Sigmund gestures wildly while chanting.
Sigmund flickers and vanishes!
Deactivating autopickup; reactivate with Ctrl-A.
The kobold closely misses you. The kobold attacks as you move away!
The kobold barely misses you.
There is an open door here.
The kobold attacks as you move away! The kobold barely misses you.
Your magical contamination has completely faded away.
The kobold attacks as you move away! The kobold closely misses you.
The kobold attacks as you move away!
The kobold hits you with a +0 short sword.
The kobold attacks as you move away! The kobold closely misses you.
The kobold attacks as you move away!
The kobold hits you with a +0 short sword.
The kobold attacks as you move away! The kobold hits you but does no damage.
There is an open door here.
The kobold hits you with a +0 short sword.
A magic dart appears from out of thin air!
The magic dart hits you.
The kobold hits you with a +0 short sword.
There is an open door here.
The kobold attacks as you move away!
The kobold hits you with a +0 short sword.
The kobold attacks as you move away! The kobold barely misses you.
The kobold attacks as you move away! The kobold barely misses you.
The kobold attacks as you move away!
The kobold hits you with a +0 short sword.
* * * LOW HITPOINT WARNING * * *
The kobold attacks as you move away!
The kobold hits you with a +0 short sword.
* * * LOW HITPOINT WARNING * * *
You are confused.
You bump into the rock wall.
The kobold hits you with a +0 short sword.
You die...

## ##......'.# .. ..#
##.......#.. #.######
...###.....#####.
#......# #..##....###
.. ###.<#.###
#..##...### ...
#.##.#.###.#..#....##Sg
#...
#..........#.##...##
J!$###.
####.#######.##...# .$#
.. #.......@K.#...# ###
.. ######.....##'##
#.........# #.........#
#.........# #.....(...#
#########.........#
#.................#
#...†.......#######


You could see a kobold.

Vanquished Creatures
  An adder (D:2)
  5 endoplasms (D:1)
  2 giant cockroaches (D:1)
  A goblin (D:1)
  5 hobgoblins (D:1)
  A kobold (D:1)
  2 ball pythons (D:1)
  3 bats (D:1)
  3 frilled lizards (D:1)
  3 rats
26 creatures vanquished.

Notes
Turn   | Place    | Note
-------+----------+-------------------------------------------
     0 | D:1      | growler the Tengu Air Elementalist began the quest for the
                  | Orb.
     0 | D:1      | Reached XP level 1. HP: 10/10 MP: 4/4
   190 | D:1      | Reached XP level 2. HP: 15/15 MP: 3/6
   295 | D:1      | Learned a level 2 spell: Static Discharge
   763 | D:1      | Reached XP level 3. HP: 19/19 MP: 5/7
   767 | D:1      | Learned a level 3 spell: Swiftness
  1324 | D:2      | Identified the +3 ring mail "Tushunel" {Stlth+}
  1408 | D:2      | Noticed Sigmund
  1433 | D:2      | Slain by a kobold

Illustrated notes

Levels and vault maps discovered:
D:1:      dpeg_arrival_rooms_c, layout_basic
D:2:      layout_basic, lightli_corner_chamber, uniq_sigmund

Skill      XL: |  1  2 |
---------------+-------+-----
Conjurations   | 2 |  2.6
Dodging        | |  2.1
Stealth        | |  2.0
Spellcasting   | |  2.5
Air Magic      | |  4.7

Action                     || total
---------------------------++-------
  Melee: Unarmed           ||     3
         Dagger            ||    13
         Kick              ||     5
         Peck              ||     1
   Cast: Shock             ||    49
 Armour: Robe              ||    10
  Dodge: Dodged            ||    38
